 Dungeon Crawl Stone Soup version 0.17-a0-1194-gc654e57 (webtiles) character file.

190 AnnoyedKobold the Cudgeler (level 5, 0/32 HPs)
             Began as a Gargoyle Berserker on June 2, 2015.
             Was a Believer of Trog.
             Slain by Grinder (3 damage)
             ... on level 5 of the Dungeon.
             The game lasted 00:08:13 (3244 turns).

AnnoyedKobold the Cudgeler (Gargoyle Berserker)     Turns: 3244, Time: 00:08:13

Health: 0/32       AC: 12    Str: 21    XL:     5   Next: 69%
Magic:  5/5        EV:  8    Int:  8    God:    Trog [**....]
Gold:   141        SH:  0    Dex:  9    Spells: 0 memorised, 4 levels left

rFire  . . .     SeeInvis .     m - +0 whip
rCold  . . .     Clarity  .     k - +0 chain mail
rNeg   + . .     SustAt   .     (no shield)
rPois  ∞         Gourm    .     (no helmet)
rElec  +         Spirit   .     (no cloak)
rCorr  .         Warding  .     (no gloves)
rMut   .         Stasis   .     (no boots)
MR     .....                    (no amulet)
Stlth  ..........               (no ring)
                                (no ring)

@: not resistant to hostile enchantments, extremely unstealthy
A: negative energy resistance 1, electricity resistance, unbreathing,
petrification resistance, rot immunity, AC +4
a: Burn Spellbooks, Berserk, Trog's Hand, Renounce Religion


You were on level 5 of the Dungeon.
You worshipped Trog.
Trog was pleased with you.
You were hungry.

You visited 1 branch of the dungeon, and saw 5 of its levels.

You collected 141 gold pieces.

Inventory:

Hand weapons
 l - a +0 hunting sling
 m - a +0 whip (weapon)
Armour
 b - a +0 animal skin
 k - a +0 chain mail (worn)
Magical devices
 a - a wand of digging (10)
Scrolls
 g - 2 scrolls of remove curse
 q - 2 scrolls of teleportation {unknown}
 r - a scroll of immolation
 t - a scroll of magic mapping
Potions
 f - a potion of might {unknown}
 h - 2 potions of heal wounds {unknown}
 i - 2 potions of degeneration {unknown}
 j - a potion of invisibility {unknown}
 n - a potion of ambrosia {unknown}
 o - a potion of flight {unknown}
 p - a potion of haste
Books
 s - a book of Cantrips

   Spells                             Type                      Level
   a - Corona                         Hexes                        1
   b - Animate Skeleton               Necromancy                   1
   c - Summon Small Mammal            Summoning                    1
   d - Apportation                    Translocation                1
   Trog disapproves of the use of such an item.
Comestibles
 c - 3 bread rations
 d - a meat ration


   Skills:
 - Level 3.3 Fighting
 + Level 6.1 Maces & Flails
 - Level 2.1 Armour
 - Level 1.5 Dodging


You had 4 spell levels left.
You didn't know any spells.

Dungeon Overview and Level Annotations

Branches:
Dungeon (5/15)
 Temple: D:4-7

Altars:
Kikubaaqudgha

Annotations:
D:5 Grinder


Innate Abilities, Weirdness & Mutations

You are resistant to torment.
Your stone body is resilient (AC +4).
You are immune to poison.
You resist negative energy.
You are resistant to electric shocks.
You can survive without breathing.
You are immune to petrification.
You are immune to rotting.


Message History

Press ? for a list of commands and other information.
Quiver which item? (- for none, * to show all) (? for menu, Esc to quit)
Okay, then.
Are you sure you want to abandon this character and quit the game? (Confirm with "yes".)
Okay, then.
Welcome back, AnnoyedKobold the Gargoyle Berserker.
Trog says: Kill them all!
Press ? for a list of commands and other information.
The orc hits you but does no damage.
Grinder comes into view.
Grinder shouts!
The shadow imp barely misses you.
You closely miss the shadow imp. You closely miss the shadow imp.
The orc hits you but does no damage.
The shadow imp hits you but does no damage.
You hit the shadow imp but do no damage.
The orc closely misses you. The shadow imp barely misses you.
You completely miss the shadow imp. The shadow imp closely misses you.
The orc hits you but does no damage. Grinder hits you.
You die...

.....# .....# .#
..#.# h. ..#.# %.
#.#.# # #h#.
#.#.#.#
#....##.#...###
#..ho@5....#
.........5.......
##########.....#.
.#...# .#.#.# .#
# # .# ##


You could see Grinder, a shadow imp, an orc and 2 jackals.

Vanquished Creatures
  An orc priest (D:4)
  Terence (D:3)
  2 worker ants (D:4)
  3 gnolls (D:1)
  A worm (D:2)
  4 giant geckos
  A giant cockroach (D:3)
  6 goblins
  11 hobgoblins
  3 jackals (D:1)
  4 kobolds
  A quokka (D:2)
  6 bats
  4 giant newts
  9 rats
57 creatures vanquished.

Vanquished Creatures (others)
  A human (D:4)
1 creature vanquished.

Grand Total: 58 creatures vanquished

Notes
Turn   | Place    | Note
--------------------------------------------------------------
     0 | D:1      | AnnoyedKobold the Gargoyle Berserker began the quest for the Orb.
     0 | D:1      | Reached XP level 1. HP: 14/14 MP: 1/1
   406 | D:1      | Reached XP level 2. HP: 10/19 MP: 2/2
   869 | D:1      | Reached skill level 4 in Maces & Flails
   939 | D:1      | Reached XP level 3. HP: 6/23 MP: 3/3
  1186 | D:1      | Acquired Trog's second power
  1447 | D:2      | Reached XP level 4. HP: 25/28 MP: 4/4
  2025 | D:2      | Reached skill level 5 in Maces & Flails
  2315 | D:3      | Noticed Terence
  2333 | D:3      | Killed Terence
  2344 | D:3      | Noticed a phantom
  2784 | D:4      | Found an ancient bone altar of Kikubaaqudgha.
  2791 | D:4      | Noticed a human
  2794 | D:4      | Killed a human
  2822 | D:4      | Reached XP level 5. HP: 20/32 MP: 5/5
  3202 | D:4      | Reached skill level 6 in Maces & Flails
  3217 | D:4      | HP: 1/32 [something/magic dart (8)]
  3223 | D:4      | HP: 1/32 [orc wizard/magic dart (8)]
  3238 | D:5      | Entered Level 5 of the Dungeon
  3240 | D:5      | Noticed Grinder
  3244 | D:5      | Slain by Grinder

Vault maps used:
D:1:      dpeg_arrival_short_road
D:2:      kennysheep_generic_room_3
D:3:      uniq_natasha, uniq_terence
D:4:      nicolae_overflow_crystal_walls, tgw_kikubaaqudgha
D:5:      lemuel_round_altar, minitemple, first_bread, roderic_batcave,
          uniq_grinder

Action                   |  1- 3 |  4- 6 || total
-------------------------+-------+-------++-------
Melee: Mace              |    74 |       ||    74
       Whip              |    20 |   244 ||   264
Invok: Berserk           |       |     2 ||     2
       Burn Spellbooks   |       |     1 ||     1
  Use: Scroll            |       |     4 ||     4
       Potion            |       |     3 ||     3
  Eat: Chunk             |     2 |     2 ||     4
       Meat ration       |       |     1 ||     1
